 Dungeon Sprint DCSS version 0.17-a0-1954-g0dddeaa (webtiles) character file.

42 kosy22 the Ducker (level 3, -5/55 HPs)
             Began as a Troll Fighter on Oct 4, 2015.
             Was a High Priest of Jiyva.
             Slain by a gargoyle
             ... wielding a +0 mace
              (14 damage)
             ... in the Dungeon (Sprint IX: "|||||||||||||||||||||||||||||").
             The game lasted 00:01:14 (187 turns).

kosy22 the Ducker (Troll Fighter)                    Turns: 187, Time: 00:01:14

Health: -5/55      AC:  6    Str: 30    XL:     3   Next: 33%
Magic:  2/2        EV:  9    Int:  6    God:    Jiyva [*****.]
Gold:   0          SH: 10    Dex:  9    Spells: 0 memorised, 2 levels left

rFire  . . .     SeeInvis .     o - +1 broad axe (chop)
rCold  . . .     Clarity  .     a - +0 robe
rNeg   . . .     SustAt   .     b - +0 shield
rPois  +         Gourm    +     (helmet restricted)
rElec  .         Spirit   .     p - +0 cloak
rCorr  +         Warding  .     (gloves unavailable)
rMut   .         NoTele   +     (boots unavailable)
MR     .....                    (no amulet)
Stlth  ..........               (no ring)
                                (no ring)

@: berserking (expiring), very quick, not resistant to hostile enchantments,
extremely unstealthy
A: unfitting armour, claws 3, clever 1, fast metabolism 3, gourmand, poison
resistance, regeneration 2, shaggy fur 1, tough skin 2, translucent skin 1,
jelly absorbing missiles
a: Request Jelly, Jelly Paralyse, Slimify, Cure Bad Mutation, Renounce Religion


You were in the Dungeon.
You worshipped Jiyva.
Jiyva was extremely pleased with you.
You were not hungry.

You visited 1 branch

Inventory:

Hand weapons
 o - a +1 broad axe of chopping (weapon)
Armour
 a - a +0 robe (worn)
 b - a +0 shield (worn)
 p - a +0 cloak (worn)
Jewellery
 q - a +2 ring of evasion
 r - a +3 ring of strength
Magical devices
 n - a wand of draining (7)
Scrolls
 j - 2 scrolls of blinking
 l - 3 scrolls of remove curse
 m - 2 scrolls of amnesia
Potions
 c - a potion of might
 e - 4 potions of curing
 f - 3 potions of heal wounds
 g - a potion of haste
 h - 4 potions of magic
 k - a potion of invisibility
Comestibles
 d - 2 bread rations


   Skills:
 + Level 3.5 Fighting
 + Level 4.1 Dodging
 + Level 0.3 Stealth
 + Level 3.9 Shields
 + Level 2.7 Unarmed Combat


You had 2 spell levels left.
You didn't know any spells.

Dungeon Overview and Level Annotations

Branches:
Dungeon (1/1)

Altars:
Cheibriados
Dithmenos
Elyvilon
Fedhas
Gozag
Kikubaaqudgha
Makhleb
Nemelex Xobeh
Okawaru
Qazlal
Ru
Sif Muna
Trog
Vehumet
Xom
Yredelemnul
Zin
The Shining One
Beogh
Jiyva
Lugonu


Innate Abilities, Weirdness & Mutations

You are too large for most types of armour.
You have claws for hands.
Your metabolism is lightning-fast.
You like to eat raw meat.
You heal very quickly.
You are covered in fur (AC +1).
You have very tough skin (AC +2).
Your mind is acute. (Int +2)
Your system is resistant to poisons.
Your skin is partially translucent (Stealth, -foe acc).
You have a small jelly attached to you that may absorb incoming projectiles.


Message History

The gargoyle hurls a stone arrow at you.
The stone arrow misses you.
Your shield prevents you from hitting the gargoyle.
The gargoyle hits you with a mace!
You barely miss the gargoyle. You block the gargoyle's attack.
You slash the gargoyle!
The gargoyle is heavily damaged.
The gargoyle hits you with a mace.
You slash the gargoyle!
The gargoyle is almost destroyed.
You block the gargoyle's attack.
You hit the gargoyle but do no damage.
The gargoyle is almost destroyed.
The gargoyle hurls a stone arrow at you.
The stone arrow hits you!
* * * LOW HITPOINT WARNING * * *
You hit the gargoyle.
The gargoyle is almost destroyed.
The crimson imp blinks!
The gargoyle hits you with a mace!
You die... ▓▓▓▓▓▓▓▓▓▓▓▓▓▓▓▓▓▓▓▓▓▓▓▓ +.OaF59@.........'______ ▓▓▓▓▓▓▓▓▓▓▓▓▓▓▓▓▓▓▓▓▓▓▓▓

You could see a gargoyle, an ogre, a giant frog, a worker ant and a crimson imp.

Vanquished Creatures
  An iguana (D)
  2 bat skeletons (D)
  A bat zombie (D)
  2 giant cockroaches (D)
  3 jackals (D)
  A kobold (D)
  A giant newt (D)
11 creatures vanquished.

Notes
Turn   | Place    | Note
--------------------------------------------------------------
     0 | D        | kosy22 the Troll Fighter began the quest for the Orb.
     0 | D        | Reached XP level 1. HP: 22/22 MP: 0/0
    22 | D        | Reached skill level 3 in Dodging
    32 | D        | Noticed an iguana
    41 | D        | Reached XP level 2. HP: 29/29 MP: 1/1
    49 | D        | Killed an iguana
    49 | D        | Reached skill level 4 in Dodging
    49 | D        | Reached XP level 3. HP: 14/37 MP: 2/2
    84 | D        | Found a glowing silver altar of Zin.
    84 | D        | Found a glowing golden altar of the Shining One.
    84 | D        | Found an ancient bone altar of Kikubaaqudgha.
    84 | D        | Found a basalt altar of Yredelemnul.
    84 | D        | Found a shimmering altar of Xom.
    84 | D        | Found a radiant altar of Vehumet.
    85 | D        | Found an iron altar of Okawaru.
    86 | D        | Found a burning altar of Makhleb.
    87 | D        | Found a deep blue altar of Sif Muna.
    88 | D        | Found a bloodstained altar of Trog.
    89 | D        | Found a sparkling altar of Nemelex Xobeh.
    90 | D        | Found a white marble altar of Elyvilon.
    91 | D        | Found a roughly hewn altar of Beogh.
    92 | D        | Found a viscous altar of Jiyva.
    93 | D        | Found a corrupted altar of Lugonu.
    94 | D        | Found a blossoming altar of Fedhas.
    95 | D        | Found a snail-covered altar of Cheibriados.
    96 | D        | Found a shadowy altar of Dithmenos.
    97 | D        | Found a stormy altar of Qazlal.
    98 | D        | Found an opulent altar of Gozag.
    99 | D        | Found a sacrificial altar of Ru.
   123 | D        | Became a worshipper of Jiyva Jegil the Shapeless
   141 | D        | Acquired Jiyva's first power
   144 | D        | Acquired Jiyva's second power
   144 | D        | Gained mutation: You have a small jelly attached to you that may absorb incoming projectiles. [Jiyva's grace]
   144 | D        | Acquired Jiyva's third power
   144 | D        | Gained mutation: Your system is resistant to poisons. [Jiyva's grace]
   146 | D        | Acquired Jiyva's fourth power
   148 | D        | Gained mutation: Your skin is partially translucent (Stealth, -foe acc). [Jiyva's grace]
   157 | D        | Gained mutation: Your mind is acute. (Int +2) [Jiyva's grace]
   174 | D        | Noticed an ogre
   174 | D        | Noticed a worker ant
   174 | D        | Noticed a giant frog
   174 | D        | Noticed a crimson imp
   174 | D        | Noticed a gargoyle
   187 | D        | Slain by a gargoyle

Vault maps used:
D:        linesprint

Action                   || total
-------------------------++-------
Melee: Unarmed           ||    40
       Broad axe         ||    10
  Use: Potion            ||     2
 Stab: Sleeping          ||     1
